Map: Jagannatha LE

Players

SKillous - Winner!

  • Race: Protoss Protoss

Strange

  • Race: Protoss Protoss

Event: DreamHack SC2 Masters 2021 Fall

VOD

Have the link to the VOD?

Description

Time

  • Played on: Aug. 3, 2021, 12:58 p.m.
  • Length: 11:28

All games in this series

Show
View Real Time Build Order
Export as new Build Order

SKillous Protoss - Winner!

Build Orders:  

Get SALT Encoding   

  12  0:00  Probe  
  13  0:12  Probe  
  14  0:17  Pylon  
  14  0:24  Probe  
  15  0:35  Gateway  
  15  0:37  Probe (Chrono Boost)  
  16  0:47  Assimilator, Probe (Chrono Boost)  
  17  0:52  Probe (Chrono Boost)  
  17  0:55  Assimilator  
  18  1:04  Probe (Chrono Boost)  
  19  1:09  Gateway  
  19  1:13  Probe (Chrono Boost)  
  20  1:18  Probe  
  21  1:25  Cybernetics Core  
  21  1:30  Probe  
  22  1:36  Pylon  
  22  1:42  Probe  
  23  1:54  Probe  
  24  2:02  Stalker, Warp Gate  
  24  2:03  Sentry  
  28  2:10  Probe  
  28  2:11  Pylon  
  29  2:22  Pylon, Probe  
  32  2:30  Sentry  
  32  2:32  Stalker  
  34  2:51  Nexus  
  34  2:56  Sentry  
  36  3:01  Shield Battery  
  36  3:05  Probe  
  37  3:14  Pylon  
  37  3:17  Probe  
  38  3:29  Probe  
  38  3:31  Robotics Facility  
  39  3:41  Probe  
  40  3:50  Stalker  
  40  3:53  Probe  
  43  4:05  Stalker, Probe x2 (Chrono Boost)  
  47  4:18  Forge, Probe (Chrono Boost)  
  47  4:23  Probe (Chrono Boost)  
  47  4:25  Probe (Chrono Boost)  
  47  4:28  Stalker  
  47  4:29  Stalker, Probe (Chrono Boost)  
  53  4:32  Observer, Probe (Chrono Boost)  
  55  4:40  Pylon  
  55  4:41  Probe (Chrono Boost)  
  55  4:43  Probe (Chrono Boost)  
  57  4:46  Probe (Chrono Boost)  
  57  4:48  Probe (Chrono Boost)  
  57  4:51  Protoss Ground Weapons Level 1  
  59  4:58  Immortal  
  59  4:59  Probe  
  65  5:03  Assimilator  
  65  5:05  Twilight Council  
  64  5:09  Probe  
  65  5:16  Pylon  
  65  5:23  Nexus  
  65  5:28  Probe x2  
  67  5:30  Observer  
  67  5:35  Shield Battery  
  67  5:36  Observer  
  67  5:39  Blink (Chrono Boost)  
  67  5:40  Immortal  
  71  5:46  Observer, Probe  
  71  5:48  Probe  
  73  5:58  Probe  
  73  6:00  Probe  
  73  6:03  Gateway x2  
  75  6:04  Pylon  
  75  6:10  Probe  
  76  6:12  Probe  
  76  6:18  Pylon  
  77  6:22  Probe  
  77  6:23  Immortal  
  82  6:28  Probe  
  82  6:31  Assimilator  
  82  6:32  Stalker x2  
  85  6:37  Probe  
  86  6:46  Gateway  
  84  6:47  Gateway  
  84  6:48  Shield Battery  
  84  6:49  Shield Battery  
  84  6:55  Stalker x2  
  84  7:00  Probe x2  
  84  7:01  Probe  
  88  7:11  Stalker x2  
  88  7:12  Probe x2  
  88  7:14  Probe  
  95  7:17  Charge  
  95  7:18  Protoss Ground Weapons Level 2 (Chrono Boost)  
  92  7:23  Stalker x2  
  92  7:26  Probe (Chrono Boost)  
  98  7:35  Zealot x2  
  100  7:40  Probe (Chrono Boost)  
  100  7:41  Templar Archives, Probe (Chrono Boost)  
  100  7:43  Probe  
  103  7:45  Assimilator  
  103  7:49  Assimilator, Pylon  
  103  7:55  Pylon  
  103  7:57  Gateway  
  103  7:59  Gateway  
  103  8:04  Warp Prism (Chrono Boost)  
  105  8:09  Probe  
  106  8:19  Gateway x2, High Templar x2  
  110  8:21  Pylon  
  110  8:22  Pylon  
  110  8:23  Archon  
  110  8:30  High Templar x2  
  110  8:31  Zealot x2  
  118  8:35  Gateway  
  118  8:36  Pylon  
  118  8:38  Archon  
  118  8:41  Pylon  
  118  8:48  Gateway  
  118  8:49  Gateway  
  118  8:53  Zealot x3  
  124  8:57  High Templar  
  124  8:58  High Templar, Zealot  
  124  9:02  Archon  
  128  9:06  Zealot x2  
  126  9:13  Zealot x3  
  126  9:14  Zealot  
  112  9:19  Zealot  
  91  9:28  Zealot x2  
  88  9:33  Zealot x5  
  88  9:36  Observer  
  88  9:37  Zealot  
  90  9:42  Zealot  
  88  9:47  High Templar  
  88  9:48  Probe x2  
  92  9:56  High Templar x3  
  92  9:57  Warp Prism (Chrono Boost)  
  98  10:01  Archon  
  98  10:03  Archon  
  98  10:05  High Templar x2  
  104  10:08  Zealot  
  104  10:10  Archon, Zealot  
  104  10:13  High Templar x2  
  112  10:17  Archon  
  112  10:22  Zealot  
  114  10:29  High Templar  
  114  10:30  High Templar  
  114  10:31  Zealot x3  
  124  10:35  Archon  
  124  10:39  Zealot x2  
  128  10:49  Zealot x3  
  118  11:04  Zealot x6  
  118  11:07  Zealot  
  119  11:15  Zealot x2  
  101  11:23  Zealot  
Show
View Real Time Build Order
Export as new Build Order

Strange Protoss 

Build Orders: Phoenix Opening, Blink Stalkers 

Get SALT Encoding   

  12  0:00  Probe  
  13  0:12  Probe  
  14  0:17  Pylon  
  14  0:24  Probe (Chrono Boost)  
  16  0:37  Gateway, Probe (Chrono Boost)  
  16  0:43  Probe (Chrono Boost)  
  16  0:45  Assimilator  
  17  0:51  Probe  
  17  0:53  Assimilator  
  18  1:03  Probe (Chrono Boost)  
  19  1:07  Gateway  
  19  1:13  Probe (Chrono Boost)  
  19  1:18  Probe (Chrono Boost)  
  20  1:24  Cybernetics Core  
  21  1:29  Probe  
  22  1:35  Pylon  
  22  1:42  Probe  
  23  1:54  Probe  
  24  1:58  Warp Gate (Chrono Boost)  
  24  2:00  Stalker  
  24  2:01  Sentry  
  28  2:06  Probe  
  29  2:18  Pylon  
  29  2:22  Probe  
  30  2:36  Phoenix  
  30  2:39  Pylon  
  30  2:45  Twilight Council  
  30  2:53  Nexus  
  30  2:58  Probe  
  31  3:04  Stalker  
  33  3:09  Stalker  
  33  3:11  Probe  
  36  3:17  Blink (Chrono Boost)  
  36  3:21  Pylon  
  36  3:44  Forge  
  36  3:45  Probe  
  37  3:51  Stalker x2  
  41  3:58  Probe  
  42  4:05  Probe  
  42  4:09  Pylon  
  43  4:10  Probe  
  43  4:14  Protoss Ground Weapons Level 1 (Chrono Boost)  
  44  4:17  Probe  
  43  4:28  Stalker x2  
  45  4:32  Probe x2  
  47  4:43  Pylon  
  47  4:44  Probe x2  
  49  4:47  Shield Battery  
  49  4:52  Stalker x2  
  53  5:00  Probe  
  53  5:07  Gateway  
  54  5:08  Charge  
  54  5:09  Probe  
  54  5:12  Probe  
  54  5:14  Pylon  
  56  5:19  Stalker  
  58  5:21  Probe  
  58  5:24  Probe  
  58  5:27  Robotics Facility  
  60  5:31  Assimilator  
  60  5:33  Probe  
  61  5:36  Probe  
  62  5:45  Probe  
  62  5:46  Nexus  
  63  5:53  Pylon, Probe  
  64  5:57  Probe  
  64  6:02  Stalker  
  67  6:04  Stalker  
  67  6:05  Probe  
  67  6:08  Protoss Ground Weapons Level 2 (Chrono Boost), Stalker  
  67  6:09  Probe  
  73  6:15  Observer  
  73  6:17  Probe  
  75  6:22  Shield Battery, Probe  
  76  6:29  Probe  
  76  6:31  Gateway  
  77  6:34  Probe  
  77  6:37  Gateway  
  78  6:44  Gateway  
  78  6:47  Gateway  
  78  6:48  Gateway  
  78  6:53  Probe x2  
  80  7:05  Probe  
  80  7:06  Immortal (Chrono Boost)  
  85  7:08  Sentry  
  85  7:09  Zealot x2  
  85  7:12  Pylon  
  85  7:13  Probe x2  
  92  7:29  Zealot x3  
  92  7:36  Pylon  
  92  7:41  Zealot x3, Warp Prism (Chrono Boost)  
  100  7:45  Stalker x2  
  104  7:51  Zealot x2  
  104  7:54  Zealot  
  110  7:59  Colossus (Chrono Boost)  
  110  8:00  Pylon  
  110  8:03  Zealot x3  
  116  8:06  Photon Cannon  
  116  8:10  Observer (Chrono Boost)  
  117  8:24  Pylon x2  
  117  8:26  Zealot x4  
  125  8:47  Zealot x7  
  125  8:48  Zealot  
  131  9:10  Zealot x2  
  131  9:11  Zealot x6  
  119  9:22  Immortal  
  107  9:31  Zealot x8  
  111  9:36  Zealot x3  
  111  9:37  Zealot x2  
  105  9:40  Protoss Ground Armor Level 1 (Chrono Boost)  
  97  9:49  Gateway  
  97  9:52  Templar Archives, Gateway  
  95  9:53  Stalker x2  
  95  9:54  Stalker  
  95  9:57  Shield Battery, Sentry, Zealot x3  
  95  9:58  Zealot  
  111  10:12  Nexus  
  111  10:13  Pylon  
  111  10:19  Warp Prism (Chrono Boost)  
  111  10:21  Observer  
  113  10:30  High Templar x3  
  113  10:31  High Templar x3  
  113  10:34  Probe x2  
  125  10:35  Photon Cannon  
  125  10:36  Archon x3  
  125  10:37  Shield Battery, Probe  
  126  10:46  Probe x2  
  126  10:49  Probe  
  129  10:53  Zealot  
  129  10:54  Zealot x3  
  137  10:57  Archon  
  111  11:04  Stalker x5  
  111  11:09  Zealot  
  110  11:15  Zealot x3  
  110  11:16  Zealot  

Tags
 
Add a new tag
Caveats
  • Supply blocks, unpowered buildings, or Contaminate may cause inaccurate times.
  • Supply counts are checked every 10 seconds.